[Event "EUSA-ch Women 2019"]
[Site "Budapest"]
[Date "2019.07.25"]
[Round "1.7"]
[White "Lach, Aleksandra"]
[Black "Temel, Burcu Melis"]
[Result "1-0"]
[ECO "B30"]
[WhiteElo "2173"]
[BlackElo "1790"]
[Annotator "NA"]
[PlyCount "97"]
[EventDate "2019.07.23"]
[EventType "team-tourn"]
[EventCountry "HUN"]
[SourceTitle "playchess.com"]
[Source "ChessBase"]
[SourceQuality "1"]
[TimeControl "1500+10"]

1. e4 c5 2. Nf3 Nc6 3. d3 e6 4. Nbd2 g6 5. g3 Bg7 6. c3 Nge7 7. Bg2 O-O 8. O-O d5 9. Qe2 Rb8 10. Rd1 b5 11. Nb3 b4 12. cxb4 cxb4 13. e5 Ba6 14. Bf4 h6 15. h4 Nf5 16. Rac1 Bb5 17. Nc5 Qe7 18. Qd2 Rfc8 19. d4 a5 20. b3 Kh7 21. Be3 Na7 22. a4 bxa3 23. Qxa5 Nc6 24. Qxa3 Ra8 25. Qb2 Nb4 26. Qd2 Na6 27. b4 Nxe3 28. fxe3 Nc7 29. Ra1 Bc4 30. Bf1 Bxf1 31. Rxf1 Rcb8 32. Rfb1 Nb5 33. Qd3 Qe8 34. Nd2 f6 35. exf6 Bxf6 36. h5 Nd6 37. Qxg6+ Qxg6 38. hxg6+ Kxg6 39. Nxe6 Rxa1 40. Rxa1 Rxb4 41. Nf4+ Kg7 42. Ra7+ Nf7 43. Nf3 Rb1+ 44. Kg2 Rb2+ 45. Kh3 Kg8 46. Nxd5 Bg5 47. Kg4 Re2 48. Nxg5 Nxg5 49. Kh5 1-0

[Event "EUSA-ch Women 2019"]
[Site "Budapest"]
[Date "2019.07.25"]
[Round "1.8"]
[White "Gundogan, Sinem Cagla"]
[Black "Jedrocha, Katarzyna"]
[Result "1-0"]
[ECO "B50"]
[WhiteElo "1806"]
[BlackElo "1943"]
[Annotator "NA"]
[PlyCount "49"]
[EventDate "2019.07.23"]
[EventType "team-tourn"]
[EventCountry "HUN"]
[SourceTitle "playchess.com"]
[Source "ChessBase"]
[SourceQuality "1"]
[TimeControl "1500+10"]

1. e4 c5 2. Nf3 d6 3. g3 Nf6 4. d3 g6 5. Bg2 Bg7 6. O-O O-O 7. Nbd2 Nc6 8. c3 Qc7 9. Re1 b5 10. e5 Nd7 11. exd6 exd6 12. Ne4 Bb7 13. Bf4 Nde5 14. Nxc5 dxc5 15. Nxe5 Bxe5 16. Bxe5 Nxe5 17. Bxb7 Qxb7 18. Rxe5 Rac8 19. Qe2 Rc7 20. Re1 Qc6 21. h4 h5 22. Qe3 Kg7 23. d4 cxd4 24. Qxd4 Rd7 25. Rd5+ 1-0

[Event "EUSA-ch Women 2019"]
[Site "Budapest"]
[Date "2019.07.25"]
[Round "2.7"]
[White "Voit, Daria"]
[Black "Varga, Melinda"]
[Result "1-0"]
[ECO "D45"]
[WhiteElo "2339"]
[BlackElo "2121"]
[Annotator "NA"]
[PlyCount "77"]
[EventDate "2019.07.23"]
[EventType "team-tourn"]
[EventCountry "HUN"]
[SourceTitle "playchess.com"]
[Source "ChessBase"]
[SourceQuality "1"]
[TimeControl "1500+10"]

1. d4 d5 2. c4 c6 3. Nc3 Nf6 4. e3 e6 5. Nf3 Nbd7 6. Qc2 a6 7. Bd3 dxc4 8. Bxc4 b5 9. Be2 Bb7 10. O-O Bd6 11. e4 e5 12. Rd1 Qc7 13. g3 O-O 14. dxe5 Nxe5 15. Bg5 Nxf3+ 16. Bxf3 Nd7 17. Be3 Ne5 18. Be2 Rae8 19. f4 Nd7 20. e5 Bc5 21. Bxc5 Nxc5 22. Bf3 Ne6 23. Qf2 c5 24. Nd5 Qb8 25. Rac1 Kh8 26. Bg2 Rd8 27. Ne7 Nd4 28. Rxc5 Qa7 29. b4 Bxg2 30. Rxd4 Qa8 31. Nf5 Be4 32. Nd6 Bc6 33. Rxc6 Qxc6 34. Nxf7+ Kg8 35. Nxd8 Qc1+ 36. Kg2 g5 37. f5 Qc8 38. Ne6 Qc6+ 39. Kh3 1-0

[Event "EUSA-ch Women 2019"]
[Site "Budapest"]
[Date "2019.07.25"]
[Round "2.8"]
[White "Miseta, Nora"]
[Black "Shuvalova, Polina"]
[Result "0-1"]
[ECO "B18"]
[WhiteElo "1762"]
[BlackElo "2418"]
[Annotator "NA"]
[PlyCount "70"]
[EventDate "2019.07.23"]
[EventType "team-tourn"]
[EventCountry "HUN"]
[SourceTitle "playchess.com"]
[Source "ChessBase"]
[SourceQuality "1"]
[TimeControl "1500+10"]

1. e4 c6 2. d4 d5 3. Nc3 dxe4 4. Nxe4 Bf5 5. Nc5 b6 6. Nb3 Nf6 7. Nf3 e6 8. Bd3 Bxd3 9. Qxd3 Be7 10. O-O O-O 11. Bg5 Nbd7 12. Rad1 h6 13. Bh4 Qc7 14. Bg3 Qb7 15. Rfe1 Rfd8 16. Qc3 a5 17. a3 Rac8 18. Ne5 a4 19. Nd2 c5 20. Qf3 Qxf3 21. Ndxf3 cxd4 22. Nxd4 Nxe5 23. Bxe5 Ng4 24. Bg3 Bf6 25. Re4 Rxc2 26. Rxg4 Rxd4 27. Rgxd4 Bxd4 28. h3 e5 29. Kh1 g5 30. h4 Kg7 31. hxg5 hxg5 32. f4 gxf4 33. Bxf4 Rxb2 34. Bc1 Ra2 35. Kh2 Ra1 0-1

[Event "EUSA-ch Women 2019"]
[Site "Budapest"]
[Date "2019.07.25"]
[Round "3.7"]
[White "Juhasz, Barbara"]
[Black "Voit, Daria"]
[Result "1/2-1/2"]
[ECO "C00"]
[WhiteElo "2171"]
[BlackElo "2339"]
[Annotator "NA"]
[PlyCount "144"]
[EventDate "2019.07.23"]
[EventType "team-tourn"]
[EventCountry "HUN"]
[SourceTitle "playchess.com"]
[Source "ChessBase"]
[SourceQuality "1"]
[TimeControl "1500+10"]

1. e4 e6 2. Qe2 c5 3. Nf3 Nc6 4. g3 Be7 5. Bg2 Nf6 6. O-O d5 7. d3 O-O 8. Re1 b5 9. e5 Nd7 10. h4 Bb7 11. Bf4 Qc7 12. Nbd2 Rfc8 13. Nf1 Bf8 14. N1h2 h6 15. h5 d4 16. g4 Ne7 17. Bh3 g5 18. hxg6 Nxg6 19. Bg3 Bg7 20. Bg2 Ndf8 21. Nf1 Bd5 22. N1d2 Qb7 23. Qf1 Nd7 24. Ne4 Qc6 25. g5 h5 26. Ned2 Rab8 27. Qe2 Ndf8 28. Kh2 Nd7 29. Nh4 Nxh4 30. Bxd5 Qxd5 31. Bxh4 Qxe5+ 32. Bg3 Qxe2 33. Rxe2 Rb6 34. a4 a6 35. axb5 axb5 36. Ra7 Nf8 37. Ne4 Rcc6 38. Re1 c4 39. Rea1 cxd3 40. cxd3 e5 41. Ra8 Rb7 42. b4 Kh7 43. Nc5 Re7 44. Rb8 Kg6 45. Rxb5 Kxg5 46. f4+ Kg4 47. fxe5 Bxe5 48. Rg1 Kf3 49. Rf1+ Kg4 50. Rg1 Bxg3+ 51. Rxg3+ Kf4 52. Ne4 Rc2+ 53. Kh3 Re5 54. Rb7 f5 55. Nf6 Re6 56. Nxh5+ Ke5 57. Rb5+ Kd6 58. Rxf5 Nd7 59. Rf4 Kd5 60. Rg5+ Re5 61. Rxe5+ Nxe5 62. Nf6+ Ke6 63. Ng4 Nxd3 64. Rxd4 Nf2+ 65. Kg3 Nxg4 66. Rxg4 Kd5 67. Kf3 Rc4 68. Rg5+ Kc6 69. b5+ Kb6 70. Ke3 Rc5 71. Rxc5 Kxc5 72. b6 Kxb6 1/2-1/2

[Event "EUSA-ch Women 2019"]
[Site "Budapest"]
[Date "2019.07.25"]
[Round "3.8"]
[White "Shuvalova, Polina"]
[Black "Kubik, Anna Zsofia"]
[Result "1-0"]
[ECO "A12"]
[WhiteElo "2418"]
[BlackElo "1592"]
[Annotator "NA"]
[PlyCount "47"]
[EventDate "2019.07.23"]
[EventType "team-tourn"]
[EventCountry "HUN"]
[SourceTitle "playchess.com"]
[Source "ChessBase"]
[SourceQuality "1"]
[TimeControl "1500+10"]

1. c4 c6 2. Nf3 d5 3. b3 Bf5 4. d3 e6 5. g3 Qf6 6. d4 Bxb1 7. Rxb1 Bb4+ 8. Bd2 Bxd2+ 9. Qxd2 Nd7 10. Bg2 Ne7 11. O-O O-O 12. Rfe1 Rfe8 13. Rbd1 Rad8 14. Qc1 e5 15. dxe5 Nxe5 16. Nxe5 Qxe5 17. cxd5 Nxd5 18. Qc5 Qc3 19. Qxa7 Nb4 20. Qxb7 Nc2 21. Rf1 Ne3 22. fxe3 Qxe3+ 23. Kh1 Rxd1 24. Qxf7+ 1-0

[Event "EUSA-ch Women 2019"]
[Site "Budapest"]
[Date "2019.07.26"]
[Round "4"]
[White "Terbe, Zsuzsanna"]
[Black "Juhasz, Barbara"]
[Result "1-0"]
[ECO "A46"]
[WhiteElo "2160"]
[BlackElo "2171"]
[Annotator "NA"]
[PlyCount "119"]
[EventDate "2019.07.23"]
[EventType "team-tourn"]
[EventCountry "HUN"]
[SourceTitle "playchess.com"]
[Source "ChessBase"]
[SourceQuality "1"]
[TimeControl "1500+10"]

1. d4 Nf6 2. Nf3 d5 3. g3 g6 4. Bg2 Bg7 5. c4 c6 6. cxd5 cxd5 7. Nc3 O-O 8. Ne5 Nc6 9. O-O Qb6 10. Nxc6 bxc6 11. Na4 Qd8 12. Bf4 Nh5 13. Be3 e5 14. dxe5 Bxe5 15. Rc1 Bd7 16. Bd4 Re8 17. Bxe5 Rxe5 18. Nc5 Nf6 19. Bf3 Bh3 20. Re1 Rc8 21. Nd3 Re8 22. Qa4 Bd7 23. Nc5 Rc7 24. Red1 Bh3 25. b3 Rc8 26. Nd3 Qd7 27. Qd4 Qe7 28. Nc5 Bf5 29. Qh4 h5 30. Qg5 Kg7 31. h4 Bg4 32. Bxg4 Nxg4 33. Qxe7 Rxe7 34. e3 Nf6 35. Rd2 Ne4 36. Nxe4 Rxe4 37. Rxd5 Rc7 38. Rd6 c5 39. Rd5 c4 40. Kg2 c3 41. Rd3 c2 42. Rd2 a5 43. Rdxc2 Rxc2 44. Rxc2 a4 45. Rc4 Rxc4 46. bxc4 Kf6 47. Kf3 Ke5 48. Ke2 f6 49. Kd3 g5 50. a3 g4 51. e4 f5 52. exf5 Kxf5 53. Kd4 Ke6 54. c5 Ke7 55. Kc4 Ke6 56. Kb5 Ke5 57. c6 Ke4 58. c7 Kf3 59. c8=Q Kxf2 60. Qc7 1-0

[Event "EUSA-ch Women 2019"]
[Site "Budapest"]
[Date "2019.07.26"]
[Round "4"]
[White "Kubik, Anna Zsofia"]
[Black "Varga, Klara"]
[Result "0-1"]
[ECO "A45"]
[WhiteElo "1592"]
[BlackElo "2146"]
[Annotator "NA"]
[PlyCount "76"]
[EventDate "2019.07.23"]
[EventType "team-tourn"]
[EventCountry "HUN"]
[SourceTitle "playchess.com"]
[Source "ChessBase"]
[SourceQuality "1"]
[TimeControl "1500+10"]

1. d4 Nf6 2. e3 e6 3. Bd3 c5 4. c3 b6 5. Nf3 Bb7 6. O-O Be7 7. Re1 O-O 8. e4 d5 9. e5 Nfd7 10. Bf4 Nc6 11. Nbd2 Rc8 12. Rc1 cxd4 13. Nxd4 Re8 14. N2f3 Nf8 15. Qd2 Ng6 16. Bxg6 hxg6 17. Bg5 Na5 18. Bxe7 Rxe7 19. b3 Nc6 20. Nxc6 Bxc6 21. Nd4 Rec7 22. Rc2 Be8 23. Rec1 Qe7 24. b4 a5 25. a3 Rc4 26. g3 Qc7 27. f4 Ba4 28. Rb2 Rxc3 29. Rxc3 Qxc3 30. Qxc3 Rxc3 31. bxa5 bxa5 32. Rb8+ Kh7 33. Ra8 Rd3 34. Ne2 Bb5 35. Rxa5 Bc4 36. Kh1 d4 37. Rc5 Rd1+ 38. Kg2 Bxe2 0-1

[Event "EUSA-ch Women 2019"]
[Site "Budapest"]
[Date "2019.07.26"]
[Round "5"]
[White "Voit, Daria"]
[Black "Terbe, Zsuzsanna"]
[Result "1/2-1/2"]
[ECO "D45"]
[WhiteElo "2339"]
[BlackElo "2160"]
[Annotator "NA"]
[PlyCount "135"]
[EventDate "2019.07.23"]
[EventType "team-tourn"]
[EventCountry "HUN"]
[SourceTitle "playchess.com"]
[Source "ChessBase"]
[SourceQuality "1"]
[TimeControl "1500+10"]

1. c4 c6 2. Nc3 d5 3. e3 Nf6 4. d4 e6 5. Nf3 a6 6. Qc2 c5 7. dxc5 Bxc5 8. a3 dxc4 9. Bxc4 b5 10. Bd3 Nbd7 11. Ne4 Be7 12. Qc6 Rb8 13. Nd6+ Bxd6 14. Qxd6 Qb6 15. Qxb6 Nxb6 16. Bd2 O-O 17. Rc1 Bb7 18. Ke2 Rbc8 19. Ba5 Na4 20. Bb4 Rfe8 21. b3 Nb6 22. Ba5 Nbd5 23. Ne5 Ne7 24. f3 Nfd5 25. Bd2 f6 26. Nd7 Rcd8 27. Nc5 Bc8 28. Rhd1 Rd6 29. Ba5 Rc6 30. g3 f5 31. Kf2 Nf6 32. a4 bxa4 33. bxa4 Nd7 34. Nxd7 Rxc1 35. Rxc1 Bxd7 36. Bxa6 Bxa4 37. Bb7 Nd5 38. Bxd5 exd5 39. Rc7 Rf8 40. Bb4 Rd8 41. Bc3 Rd7 42. Rc8+ Kf7 43. h4 Bb3 44. h5 h6 45. Bd4 Bc4 46. Ke1 Rb7 47. Kf2 Rd7 48. Ra8 Rb7 49. Rc8 Rd7 50. Rc6 Rb7 51. Rg6 Kf8 52. Re6 Bd3 53. Re5 Rb5 54. Re6 Rb7 55. Ke1 Kf7 56. Rg6 Kf8 57. Kd2 Bb1 58. Ra6 Rc7 59. Ra1 Rb7 60. Ra5 Rd7 61. Ra3 Rc7 62. Ra1 Rb7 63. Ra5 Rd7 64. Be5 Kf7 65. Ra3 Re7 66. Bc3 Rb7 67. Bd4 Rc7 68. Ra1 1/2-1/2

[Event "EUSA-ch Women 2019"]
[Site "Budapest"]
[Date "2019.07.26"]
[Round "5"]
[White "Varga, Klara"]
[Black "Shuvalova, Polina"]
[Result "0-1"]
[ECO "A14"]
[WhiteElo "2146"]
[BlackElo "2418"]
[Annotator "NA"]
[PlyCount "106"]
[EventDate "2019.07.23"]
[EventType "team-tourn"]
[EventCountry "HUN"]
[SourceTitle "playchess.com"]
[Source "ChessBase"]
[SourceQuality "1"]
[TimeControl "1500+10"]

1. c4 e6 2. Nf3 Nf6 3. g3 d5 4. Bg2 Be7 5. O-O O-O 6. d4 c6 7. Qc2 b6 8. Rd1 Bb7 9. b3 a5 10. Nc3 Ba6 11. Ne5 Nfd7 12. e4 Nxe5 13. dxe5 d4 14. Ne2 c5 15. Nf4 Nc6 16. Nd3 Qc7 17. f4 a4 18. Kh1 Bb7 19. Rb1 axb3 20. axb3 Ra7 21. Bb2 h6 22. Qe2 Ra2 23. g4 Rd8 24. Nc1 Raa8 25. Rd3 Nb4 26. Rh3 Qd7 27. Nd3 Nxd3 28. Qxd3 Ra2 29. Bc1 Bc6 30. Bd2 Qb7 31. Re1 b5 32. Bc1 bxc4 33. bxc4 Rb8 34. f5 Bg5 35. Bxg5 hxg5 36. Rh5 Qb3 37. Qf1 Qc2 38. Kg1 Rbb2 39. Bf3 Qd2 40. f6 Qf4 41. Qh3 Rg2+ 42. Qxg2 Rxg2+ 43. Kxg2 gxf6 44. exf6 Qxf6 45. Rh3 Qf4 46. Rf1 e5 47. Re1 d3 48. Rg3 d2 49. Rd1 Kg7 50. Kh3 Ba4 51. Rf1 d1=R 52. Rxd1 Bxd1 53. Bxd1 Qf1+ 0-1

[Event "EUSA-ch Women 2019"]
[Site "Budapest"]
[Date "2019.07.28"]
[Round "7"]
[White "Terbe, Zsuzsanna"]
[Black "Lach, Aleksandra"]
[Result "1-0"]
[ECO "A88"]
[WhiteElo "2160"]
[BlackElo "2173"]
[Annotator "NA"]
[PlyCount "117"]
[EventDate "2019.07.23"]
[EventType "team-tourn"]
[EventCountry "HUN"]
[SourceTitle "playchess.com"]
[Source "ChessBase"]
[SourceQuality "1"]
[TimeControl "1500+10"]

1. d4 f5 2. Nf3 Nf6 3. g3 g6 4. Bg2 Bg7 5. O-O O-O 6. c4 d6 7. Nc3 c6 8. Re1 Ne4 9. Qc2 Nxc3 10. bxc3 e5 11. dxe5 dxe5 12. Ba3 Re8 13. Rad1 Qf6 14. e4 f4 15. Rd6 Be6 16. Bh3 Bf8 17. Rxe6 Rxe6 18. Bxe6+ Qxe6 19. Qb2 b6 20. Rd1 Na6 21. Bxf8 Rxf8 22. Kg2 Nc5 23. Qe2 h6 24. h4 fxg3 25. fxg3 Qg4 26. Re1 Ne6 27. Qe3 Nf4+ 28. Kf2 Nh5 29. Rg1 Nf6 30. Re1 Qh3 31. Ke2 Qg4 32. Kd3 Nd7 33. Nd2 Kh7 34. Kc2 Qh3 35. Qd3 Qe6 36. Rf1 Rxf1 37. Qxf1 Kg7 38. Qd3 Qe7 39. Nb3 Nf6 40. Kb2 c5 41. Nd2 a6 42. Nf1 Qb7 43. Qd6 b5 44. Qxc5 bxc4+ 45. Ka3 Nxe4 46. Qxe5+ Kh7 47. g4 Nf2 48. Ne3 Nd3 49. Qd6 Qb2+ 50. Ka4 Qxa2+ 51. Qa3 Nc5+ 52. Kb4 a5+ 53. Qxa5 Nd3+ 54. Kb5 Qb3+ 55. Kc6 Qb8 56. Qc7+ Qxc7+ 57. Kxc7 Ne5 58. Kd6 Nxg4 59. Nxg4 1-0

[Event "EUSA-ch Women 2019"]
[Site "Budapest"]
[Date "2019.07.28"]
[Round "7"]
[White "Jedrocha, Katarzyna"]
[Black "Varga, Klara"]
[Result "0-1"]
[ECO "E04"]
[WhiteElo "1943"]
[BlackElo "2146"]
[Annotator "NA"]
[PlyCount "80"]
[EventDate "2019.07.23"]
[EventType "team-tourn"]
[EventCountry "HUN"]
[SourceTitle "playchess.com"]
[Source "ChessBase"]
[SourceQuality "1"]
[TimeControl "1500+10"]

1. d4 Nf6 2. g3 e6 3. c4 d5 4. Bg2 dxc4 5. Nf3 Bb4+ 6. Nbd2 O-O 7. Qc2 c5 8. dxc5 c3 9. bxc3 Bxc5 10. O-O Nc6 11. Nb3 Be7 12. Nfd4 Bd7 13. Nxc6 Bxc6 14. Bxc6 bxc6 15. Rd1 Qc7 16. Bb2 a5 17. c4 a4 18. Nd2 Rfb8 19. Nf3 Nd7 20. Rab1 h6 21. Bc3 Bf6 22. Rxb8+ Rxb8 23. Bxf6 Nxf6 24. Qxa4 Ne4 25. Qc2 Nc5 26. Nd4 Ra8 27. Rd2 g6 28. e3 e5 29. Nb3 Ne6 30. c5 Ng5 31. Qd1 e4 32. Nd4 Rc8 33. h4 Nh7 34. Rb2 Qe5 35. Qc2 Nf6 36. Rb6 Qd5 37. Rb7 Nd7 38. Nb3 Ne5 39. Rb4 Nf3+ 40. Kg2 Ne1+ 0-1